 Dungeon Crawl Stone Soup version 0.19-a0-1223-gf83d13a (webtiles) character file.

199 Charly the Slasher (level 6, -1/39 HPs)
             Began as a Halfling Skald on Aug 24, 2016.
             Was an Initiate of Ru.
             Slain by an iguana (5 damage)
             ... on level 4 of the Dungeon.
             The game lasted 00:40:11 (3843 turns).

Charly the Slasher (Halfling Skald)                 Turns: 3843, Time: 00:40:12

Health: -1/39      AC:  3    Str: 12    XL:     6   Next: 6%
Magic:  8/8        EV: 13    Int: 18    God:    Ru [......]
Gold:   36         SH:  0    Dex: 16    Spells: 2 memorised, 4 levels left

rFire  . . .     SeeInvis .     b - +0 hunting sling
rCold  . . .     Gourm    .     i - +0 leather armour
rNeg   . . .     Faith    .     (shield restricted)
rPois  .         Spirit   .     (no helmet)
rElec  .         Dismiss  .     (no cloak)
rCorr  .         Reflect  .     (no gloves)
MR     .....     Harm     .     (no boots)
Stlth  ++........               (no amulet)
                                x - +2 ring of dexterity
                                r - ring of stealth

@: brilliant, drained
A: mutation resistance 1
a: Renounce Religion


You were on level 4 of the Dungeon.
You worshipped Ru.
Ru was noncommittal.
You were hungry.

You visited 2 branches of the dungeon, and saw 6 of its levels.

You collected 133 gold pieces.
You spent 97 gold pieces at shops.

Inventory:

Hand Weapons
 a - a +0 falchion
 b - a +0 hunting sling (weapon)
Missiles
 j - 105 stones
 y - 18 sling bullets (quivered)
Armour
 i - a +0 leather armour (worn)
Jewellery
 f - an uncursed ring of flight
 r - a ring of stealth (left hand)
 x - a +2 ring of dexterity (right hand)
 C - an uncursed ring of resist corrosion
Scrolls
 k - a scroll of remove curse {unknown}
 n - 3 scrolls of identify {unknown}
 o - a scroll of teleportation {unknown}
 q - a scroll of blinking {unknown}
 u - 2 scrolls of immolation {unknown}
Potions
 e - a potion of degeneration {unknown}
 g - a potion of haste {unknown}
 h - a potion of curing
 l - 2 potions of invisibility {unknown}
 m - a potion of mutation {unknown}
 p - 2 potions of brilliance
 t - 2 potions of lignification {unknown}
Books
 c - a book of Battle

   Spells                             Type                      Level
   a - Infusion                       Charms                       1
   b - Shroud of Golubria             Charms/Translocation         2
   c - Song of Slaying                Charms                       2
   d - Spectral Weapon                Hexes/Charms                 3
   e - Regeneration                   Charms/Necromancy            3
Comestibles
 d - 4 bread rations
 s - a beef jerky
 v - a meat ration


   Skills:
 - Level 1.7(1.5) Fighting
 + Level 5.7(5.5) Long Blades
 - Level 1.1(0.8) Armour
 - Level 1.1(0.8) Dodging
 - Level 1.5(1.3) Spellcasting
 + Level 0.0 Hexes
 + Level 3.4(3.1) Charms


You had 4 spell levels left.
You knew the following spells:

 Your Spells              Type           Power        Failure   Level  Hunger
i - Infusion              Chrm           ###.         1%          1    ##.....
w - Spectral Weapon       Hex/Chrm       ###.....     6%          3    ####...


Dungeon Overview and Level Annotations

Branches:
Dungeon (5/15)             Temple (1/1) D:4

Altars:
Cheibriados
Dithmenos
Elyvilon
Fedhas
Hepliaklqana
Makhleb
Nemelex Xobeh
Qazlal
Ru
Uskayaw
Zin
The Shining One

Shops:
D:4 *

Annotations:
D:2 exclusion: downstairs
D:3 Sigmund


Innate Abilities, Weirdness & Mutations

You are small and have problems with some larger weapons.
You are somewhat resistant to further mutation.


Message History

b - a +0 hunting sling (weapon)
a - a +0 falchion (weapon)
The iguana closely misses you.
You see here a sling bullet.
You see here a sling bullet.
b - a +0 hunting sling (weapon)
Unknown command.
a - a +0 falchion (weapon)
b - a +0 hunting sling (weapon)
The iguana bites you.
You are feeling hungry.
There is a stone staircase leading up here.
The iguana bites you!
* * * LOW HITPOINT WARNING * * *
Drop what? 25/52 slots (_ for help) (? for menu, Esc to quit)
Okay, then.
It was a potion of brilliance.
You feel clever all of a sudden. The iguana bites you.
You die...

###......##.....#..........#
#......##.....(...........
#......##...(.#(........#%
#.......#.....###.#####...
##....%.#.....# #.....#.##
######.#.....#######.#.#
####+#<........#...#.#
#.....l....###.#.###.##
#.....@......#...###...
#........###.####......
#).........#......##...
#..........#########...
#...(......'...........
#..........##..(.......
#.....(....# .#######..
#######....# #.> #....# ###


You could see an iguana.

Vanquished Creatures
  A howler monkey (D:4)
  A worker ant (D:4)
  A howler monkey zombie (D:5)
  An adder (D:4)
  5 worms
  A dart slug (D:2)
  2 giant geckos
  19 orcs
  5 giant cockroaches
  9 goblins
  9 hobgoblins
  3 jackals (D:4)
  2 kobolds
  4 quokkas
  4 bats
  6 giant newts
  A quokka skeleton (D:4)
  3 rats
77 creatures vanquished.

Notes
Turn   | Place    | Note
-------+----------+-------------------------------------------
     0 | D:1      | Charly the Halfling Skald began the quest for the Orb.
     0 | D:1      | Reached XP level 1. HP: 14/14 MP: 3/3
     4 | D:1      | Charly: ??amulet of harm
     4 | D:1      | beem: amulet of harm[1/1]: Increases damage done by the wearer by 30% and to the wearer by 20%. Applied after AC. It applies to damage from melee, ranged, spells, abilities, evocations, clouds, falling down stairs, etc. Drains you on removal.
   246 | D:1      | Reached XP level 2. HP: 13/19 MP: 1/4
   362 | D:1      | Reached skill level 3 in Long Blades
   634 | D:2      | Reached XP level 3. HP: 16/24 MP: 0/5
   639 | D:2      | Learned a level 3 spell: Spectral Weapon
   743 | D:2      | Found a hazy altar of Hepliaklqana.
   935 | D:2      | You fall through a shaft!
  1157 | D:2      | Found a stormy altar of Qazlal.
  1499 | D:3      | Noticed Sigmund
  1534 | D:4      | Reached XP level 4. HP: 25/29 MP: 6/6
  1561 | D:3      | Reached skill level 4 in Long Blades
  2253 | D:5      | Entered Level 5 of the Dungeon
  2265 | D:5      | Reached XP level 5. HP: 16/34 MP: 0/7
  2361 | D:5      | magipi: hello
  2368 | D:5      | Charly: hey
  2574 | D:4      | Found a sparkling altar of Nemelex Xobeh.
  2619 | D:4      | Reached skill level 5 in Long Blades
  3016 | D:4      | Found Joihonul's General Store.
  3340 | D:3      | Reached XP level 6. HP: 20/39 MP: 5/8
  3462 | D:4      | Noticed an orc warrior
  3531 | D:4      | Found a staircase to the Ecumenical Temple.
  3541 | D:4      | Bought a +2 ring of dexterity for 97 gold pieces
  3546 | Temple   | Entered the Ecumenical Temple
  3593 | Temple   | Became a worshipper of Ru the Awakened
  3703 | D:4      | Charly: @?iguana
  3703 | D:4      | beem: iguana (l)
                  | Spd:
    10 | HD: 3    | HP: 12-19
                  | AC/EV: 5/9
                  | Dam: 15
                  | cold-blooded
                  | Res: magic(10)
                  | XP:
    36 | Sz: small | Int: animal.
  3843 | D:4      | Slain by an iguana

Vault maps used:
D:1:      onia_arrival_pyramid
D:2:      lemuel_doored_altar, nicolae_qazlal_general_emergency
D:3:      uniq_sigmund
D:4:      lemuel_round_altar, serial_shops, shop, first_bread,
          guppyfry_early_orc_mine
D:5:      old_standard_altar, led_sif_book, amethyst_overflow_temple_binary,
          nicolae_ossuary_entry_giza, kennysheep_nub
Temple:   eino_wide_crystal_templ

Skill      XL: |  1  2  3  4  5 |
---------------+----------------+-----
Long Blades    | 3 4 5 |  5.7
Fighting       | |  1.7
Armour         | |  1.1
Dodging        | |  1.1
Spellcasting   | |  1.5
Charms         | |  3.4

Action                   |  1- 3 |  4- 6 || total
-------------------------+-------+-------++-------
Melee: Falchion          |    68 |   118 ||   186
 Fire: Hunting sling     |    77 |    94 ||   171
Throw: Throwing net      |       |     1 ||     1
 Cast: Infusion          |    19 |    19 ||    38
  Use: Potion            |       |     3 ||     3
 Stab: Sleeping          |     1 |       ||     1
  Eat: Fruit             |     4 |       ||     4
       Pizza             |       |     2 ||     2
       Chunk             |       |     5 ||     5
       Beef jerky        |       |     2 ||     2
Armor: Leather armour    |     7 |    12 ||    19
Dodge: Dodged            |    26 |    53 ||    79
